 Dungeon Crawl Stone Soup version 0.28-a0-706-gf6f64a616a (webtiles) character file.

Game seed: 11053474212176083072

8 lawman0 the Vexing (level 2, 26/26 HPs)
             Began as a Troll Arcane Marksman on Oct 24, 2021.
             Was a Follower of the Shining One.
             Quit the game on level 1 of the Dungeon.
             The game lasted 00:00:27 (91 turns).

lawman0 the Vexing (Troll Arcane Marksman)            Turns: 91, Time: 00:00:28

Health: 26/26      AC:  4    Str: 17    XL:     2   Next: 0%
Magic:  2/2        EV:  9    Int:  9    God:    the Shining One [*.....]
Gold:   0          SH:  0    Dex: 10    Spells: 3/3 levels left

rFire   . . .      SeeInvis .   (no weapon)
rCold   . . .      Faith    .   (no shield)
rNeg    . . .      Spirit   .   a - +0 robe
rPois   .          Reflect  .   (helmet restricted)
rElec   .          Harm     .   (no cloak)
rCorr   .          Rampage  .   (gloves unavailable)
Will    .....                   (boots unavailable)
Stlth   +.........              (no amulet)
HPRegen 1.08/turn               (no ring)
MPRegen 0.08/turn               (no ring)

@: glowing
A: large, unfitting armour, claws 3, regeneration 1, shaggy fur 1, tough skin 1
a: Renounce Religion


You were on level 1 of the Dungeon.
You worshipped the Shining One.
The Shining One was aware of your devotion.
You visited 1 branch of the dungeon, and saw 1 of its levels.

Inventory:

Missiles
 b - 4 large rocks (quivered)
 c - 2 throwing nets
Armour
 a - a +0 robe (worn)
Potions
 d - 2 potions of degeneration {unknown}


   Skills:
 + Level 0.7 Fighting
 * Level 1.8 Throwing
 + Level 1.5 Dodging
 * Level 0.7 Unarmed Combat
 + Level 1.0 Spellcasting
 * Level 2.2 Hexes


You had 3 spell levels left.
You didn't know any spells.
Your spell library contained the following spells:

 Spells                   Type           Power      Damage    Failure   Level
 Slow                     Hex            4%         N/A       22%         2
 Inner Flame              Hex/Fire       2%         N/A       56%         3
 Portal Projectile        Hex/Tloc       4%         N/A       56%         3
 Cause Fear               Hex            2%         N/A       83%         4


Dungeon Overview and Level Annotations

Branches:
Dungeon (1/15)

Altars:
The Shining One


Innate Abilities, Weirdness & Mutations

You are too large for most types of armour.
You have claws for hands.
Your natural rate of healing is unusually fast.
You are covered in fur. (AC +1)
You have tough skin. (AC +1)


Message History

The bat closely misses you. The bat hits you but does no damage.
You closely miss the bat.
The bat is moderately wounded.
The bat hits you. The bat completely misses you. The bat barely misses you.
Found a human skeleton.
The bat hits you.
You claw the bat!
You kill the bat!
The bat barely misses you. The bat hits you but does no damage.
You scratch the bat.
You kill the bat!
Found two human skeletons.
No target in view!
Found a human skeleton.
No target in view!
Found a human skeleton.
A quokka comes into view.
Found a human skeleton.
Found a faded altar of an unknown god.
The quokka bites you.
The quokka bites you but does no damage.
You barely miss the quokka. The quokka barely misses you. The quokka bites you.
You see here a human skeleton.
You closely miss the quokka. The quokka barely misses you.
You closely miss the quokka. The quokka bites you.
The quokka bites you but does no damage.
You claw the quokka!
You kill the quokka!
You have reached level 2!
There is a faded altar of an unknown god here.
You cannot tell which god this altar belongs to.
Convert to them anyway? [Y]es or [N]o only, please.
You cannot tell which god this altar belongs to.
Convert to them anyway?
The Shining One accepts your prayer! The Shining One welcomes you!
You and your allies can now gain power from killing the unholy and evil.
Are you sure you want to abandon this character and quit the game? (Confirm with "yes".)
Okay, then.
Are you sure you want to abandon this character and quit the game? (Confirm with "yes".)

..........#.#...#
.........#.#...#####
.........#.#....†..#
##.8...8.#...#.#..
#....÷.........#!#
#.......[#####.#.)
#.÷.÷÷.÷8# ##.#(.
#........# #.....
#@...÷..8# #.####
########## #.....
.......#....
####.###)†.#
#.#...... #.#......
#.#.#.#.. #.#.#.#.#
#.#.#.#.#


There were no monsters in sight!

Vanquished Creatures
  A dart slug (D:1)
  A ball python (D:1)
  A kobold (D:1)
  A quokka (D:1)
  2 bats (D:1)
6 creatures vanquished.

Notes
Turn   | Place    | Note
-------+----------+-------------------------------------------
     0 | D:1      | lawman0 the Troll Arcane Marksman began the quest for the
                  | Orb.
     0 | D:1      | Reached XP level 1. HP: 18/18 MP: 1/1
    78 | D:1      | Found a faded altar of an unknown god.
    87 | D:1      | Reached XP level 2. HP: 21/26 MP: 2/2
    90 | D:1      | Prayed at the altar of an unknown god.
    90 | D:1      | Became a worshipper of the Shining One
    90 | D:1      | Reached * piety under the Shining One
    91 | D:1      | Quit the game

Illustrated notes

Levels and vault maps discovered:
D:1:      scummos_arrival_gate, layout_basic, shapermc_ecumenical_altar_pompeii,
          serial_bayou_pond_c, minmay_tetromino_i4

Action                   || total
-------------------------++-------
Melee: Unarmed           ||    12
 Stab: Sleeping          ||     2
Armor: Robe              ||     7
Dodge: Dodged            ||     8

Table legend: (Time is in decaauts)
 A = Elapsed time spent in this place.
 B = Non-inter-level travel time spent in this place.
 C = Inter-level travel time spent in this place.
 D = Time resting spent in this place.
 E = Time spent auto-exploring this place.
 F = Levels seen in this place.
 G = Mean time per level.
                   A        B        C        D        E       F      G
               +--------+--------+--------+--------+--------+-----+--------+
         Total |     90 |     90 |      0 |      0 |     46 |   1 |   90.0 |
       Dungeon |     90 |     90 |      0 |      0 |     46 |   1 |   90.0 |
               +--------+--------+--------+--------+--------+-----+--------+

Top non-repeatable levels by time:
     D:1: 90 daAuts
